 Dungeon Sprint DCSS version 0.24.0-123-gd5b16e6ec5 (webtiles) character file.

Game seed: 383570361857666641, levelgen mode: deterministic

569 McKennaii the Spear-Bearer (level 7, -4/45 HPs)
             Began as a Gargoyle Gladiator on Jan 25, 2020.
             Was a Priest of Cheibriados.
             Slain by a manticore (18 damage)
             ... in the Dungeon (Sprint IX: "|||||||||||||||||||||||||||||").
             The game lasted 00:01:30 (470 turns).

McKennaii the Spear-Bearer (Gargoyle Gladiator)      Turns: 470, Time: 00:01:31

Health: -4/45      AC:  9    Str: 28    XL:     7   Next: 33%
Magic:  7/7        EV: 18    Int: 19    God:    Cheibriados [***...]
Gold:   0          SH:  0    Dex: 19    Spells: 6/6 levels left

rFire    . . .     SeeInvis .   o - +2 halberd (venom)
rCold    . . .     Gourm    .   (shield currently unavailable)
rNeg     + . .     Faith    .   b - +0 leather armour
rPois    ∞         Spirit   .   c - +0 helmet
rElec    +         Reflect  .   (no cloak)
rCorr    .         Harm     .   (no gloves)
MR       .....     NoTele   +   (no boots)
Stlth    ++........             (no amulet)
HPRegen  0.15/turn              p - +3 ring of intelligence
MPRegen  0.10/turn              q - +2 ring of evasion

@: very slow
A: negative energy resistance 1, electricity resistance, unbreathing,
petrification resistance, rot immunity, AC +4
a: Bend Time, Temporal Distortion, Renounce Religion


You were in the Dungeon.
You worshipped Cheibriados.
Cheibriados was most pleased with you.
You were not hungry.

You visited 1 branch

Inventory:

Hand Weapons
 a - a +0 trident
 o - a +2 halberd of venom (weapon)
Missiles
 d - 3 throwing nets (quivered)
Armour
 b - a +0 leather armour (worn)
 c - a +0 helmet (worn)
Jewellery
 p - a +3 ring of intelligence (left hand)
 q - a +2 ring of evasion (right hand)
Wands
 n - a wand of acid (10)
Scrolls
 k - 2 scrolls of blinking
 l - 3 scrolls of remove curse
 m - 2 scrolls of amnesia
Potions
 e - 5 potions of curing
 g - 2 potions of heal wounds
 h - a potion of haste
 i - 4 potions of magic
 j - a potion of invisibility
Comestibles
 f - a ration
 r - a chunk of flesh


   Skills:
 + Level 5.9 Fighting
 * Level 11.1 Polearms
 - Level 1.7 Throwing
 + Level 4.5 Armour
 + Level 6.1 Dodging
 + Level 2.0 Stealth


You had 6 spell levels left.
You didn't know any spells.
Your spell library was empty.

Dungeon Overview and Level Annotations

Branches:
Dungeon (1/1)

Altars:
Cheibriados
Dithmenos
Elyvilon
Fedhas
Gozag
Hepliaklqana
Kikubaaqudgha
Makhleb
Nemelex Xobeh
Okawaru
Qazlal
Ru
Sif Muna
Trog
Uskayaw
Vehumet
Wu Jian
Xom
Yredelemnul
Zin
The Shining One
Beogh
Jiyva
Lugonu


Innate Abilities, Weirdness & Mutations

You are resistant to torment.
Your stone body is resilient. (AC +4)
You are immune to poison.
You resist negative energy. (rN+)
You are resistant to electric shocks. (rElec)
You can survive without breathing.
You are immune to petrification.
You are immune to rotting.


Message History

The iguana hisses menacingly.
The centaur completely misses you.
You hit the centaur.
The centaur is heavily wounded.
The centaur closely misses you.
You completely miss the centaur.
The centaur is heavily wounded.
The centaur barely misses you. The centaur closely misses you.
You slash the centaur!
The centaur is almost dead.
The centaur misses you.
You puncture the centaur!
You kill the centaur!
Cheibriados appreciates the change of pace.
Cheibriados raises the support of your attributes as your movement slows.
Your Polearms skill increases to level 11!
Your Dodging skill increases to level 6!
Your Stealth skill increases to level 2!
You completely miss the manticore. The manticore bites you!!
You die... ▓▓▓▓▓▓▓▓▓▓▓▓▓▓▓▓▓▓▓▓▓▓▓▓ +...loH@.....))..[[[)|.. ▓▓▓▓▓▓▓▓▓▓▓▓▓▓▓▓▓▓▓▓▓▓▓▓

You could see a manticore, an iguana and an orc.

Vanquished Creatures
  An ugly thing (D)
  A centaur (D)
  A bullfrog (D)
  A jelly (D)
  An adder (D)
  An adder skeleton (D)
  An adder zombie (D)
  A dart slug (D)
  A leopard gecko (D)
  3 orcs (D)
  A bat zombie (D)
  A giant cockroach (D)
  A goblin (D)
  A hobgoblin (D)
  A frilled lizard (D)
  A giant cockroach zombie (D)
  A quokka skeleton (D)
19 creatures vanquished.

Notes
Turn   | Place    | Note
-------+----------+-------------------------------------------
     0 | D        | McKennaii the Gargoyle Gladiator began the quest for the
                  | Orb.
     0 | D        | Reached XP level 1. HP: 12/12 MP: 1/1
     7 | D        | Reached skill level 3 in Polearms
    11 | D        | Reached skill level 4 in Polearms
    24 | D        | Reached XP level 2. HP: 14/17 MP: 2/2
   100 | D        | Reached skill level 5 in Polearms
   104 | D        | Reached XP level 3. HP: 4/22 MP: 3/3
   109 | D        | Found a roughly hewn altar of Beogh.
   109 | D        | Found a snail-covered altar of Cheibriados.
   109 | D        | Found a shadowy altar of Dithmenos.
   109 | D        | Found a white marble altar of Elyvilon.
   109 | D        | Found a blossoming altar of Fedhas.
   109 | D        | Found an opulent altar of Gozag.
   110 | D        | Found a hazy altar of Hepliaklqana.
   111 | D        | Found a viscous altar of Jiyva.
   112 | D        | Found an ancient bone altar of Kikubaaqudgha.
   113 | D        | Found a corrupted altar of Lugonu.
   115 | D        | Became a worshipper of Cheibriados the Contemplative
   117 | D        | Found a burning altar of Makhleb.
   118 | D        | Found a sparkling altar of Nemelex Xobeh.
   119 | D        | Found an iron altar of Okawaru.
   120 | D        | Found a stormy altar of Qazlal.
   121 | D        | Found a sacrificial altar of Ru.
   122 | D        | Found a shimmering blue altar of Sif Muna.
   123 | D        | Found a bloodstained altar of Trog.
   124 | D        | Found a hide-covered altar of Uskayaw.
   125 | D        | Found a radiant altar of Vehumet.
   126 | D        | Found an ornate altar of the Wu Jian Council.
   127 | D        | Found a shimmering altar of Xom.
   128 | D        | Found a basalt altar of Yredelemnul.
   129 | D        | Found a glowing silver altar of Zin.
   130 | D        | Found a glowing golden altar of the Shining One.
   343 | D        | Noticed a bullfrog
   354 | D        | Killed a bullfrog
   354 | D        | Reached * piety under Cheibriados
   354 | D        | Reached skill level 7 in Polearms
   354 | D        | Reached XP level 4. HP: 26/28 MP: 4/4
   368 | D        | Reached ** piety under Cheibriados
   368 | D        | Reached XP level 5. HP: 24/32 MP: 5/5
   437 | D        | Noticed a manticore
   437 | D        | Noticed a purple ugly thing
   437 | D        | Noticed a centaur
   440 | D        | Reached *** piety under Cheibriados
   464 | D        | Killed a purple ugly thing
   464 | D        | Reached skill level 5 in Fighting
   464 | D        | Reached skill level 10 in Polearms
   464 | D        | Reached skill level 5 in Dodging
   464 | D        | Reached skill level 1 in Stealth
   464 | D        | Reached XP level 6. HP: 12/41 MP: 6/6
   464 | D        | Reached XP level 7. HP: 13/45 MP: 7/7
   469 | D        | Reached skill level 11 in Polearms
   470 | D        | Slain by a manticore

Levels and vault maps discovered:
D:        linesprint [early_d, line_temple, items_1, d_10, items_2, lair_1,
          lair_end, items_3, orc_1, orc_end, items_4, d_15, swamp_1, shoals_1,
          snake_1, spider_1, d_20, vaults_1, items_5, swamp_end, shoals_end,
          snake_end, spider_end, vaults_end, d_27, items_6, zot_1, zot_end,
          crypt_end, forest_end, elf_end, slime_end, tomb_end, abyss_end,
          pan_hell_end]

Skill      XL: |  1  2  3  4  5  6  7 |
---------------+----------------------+-----
Polearms       | 4 5 7 10 11 | 11.1
Dodging        | 3 4 5 6 |  6.1
Fighting       | 3 5 |  5.9
Armour         | 2 4 |  4.5
Stealth        | 1 2 |  2.0
Throwing       | |  1.7

Action                   |  1- 3 |  4- 6 |  7- 9 || total
-------------------------+-------+-------+-------++-------
Melee: Trident           |    50 |    35 |       ||    85
       Halberd           |       |     2 |     6 ||     8
  Use: Potion            |     1 |     1 |       ||     2
Armor: Leather armour    |    15 |     6 |       ||    21
Dodge: Dodged            |    34 |    25 |     6 ||    65
